Map: Ulrena

Players

MythiC - Winner!

  • Race: Terran Terran
  • League: Grandmaster

SolO

  • Race: Zerg Zerg
  • League: Grandmaster

VOD

Have the link to the VOD?

Description

Time

  • Played on: Jan. 16, 2016, 8:01 a.m.
  • Length: 15:04
Show
View Real Time Build Order
Export as new Build Order

MythiC Terran - Winner!

Build Orders: Reaper Expand, MMM Bio 

Get SALT Encoding   

  12  0:00  SCV  
  13  0:13  SCV  
  14  0:17  Supply Depot  
  14  0:25  SCV  
  15  0:39  SCV  
  15  0:41  Barracks  
  16  0:47  Refinery  
  16  0:51  SCV  
  17  1:03  SCV  
  18  1:16  SCV  
  19  1:28  Orbital Command  
  19  1:30  Reaper  
  20  1:41  Command Center  
  20  1:51  Supply Depot  
  20  1:54  SCV  
  21  2:02  Marine  
  21  2:06  SCV  
  23  2:12  Factory  
  23  2:13  Refinery  
  23  2:18  SCV  
  24  2:30  SCV  
  24  2:36  Barracks Reactor  
  24  2:43  SCV  
  25  2:52  Orbital Command  
  25  2:55  SCV  
  25  2:56  Factory Tech Lab  
  25  2:57  Starport  
  26  3:08  SCV  
  26  3:12  Marine  
  27  3:13  Marine  
  27  3:17  Supply Depot  
  27  3:19  Siege Tank  
  32  3:20  SCV x2  
  34  3:28  Bunker  
  34  3:32  SCV x2  
  34  3:33  Marine x2  
  38  3:41  Medivac  
  38  3:44  SCV x2  
  42  3:50  Widow Mine  
  42  3:51  Marine x2  
  46  3:56  SCV  
  46  3:57  SCV  
  48  4:05  Supply Depot  
  48  4:06  Supply Depot  
  48  4:08  SCV  
  48  4:09  SCV  
  50  4:10  Liberator, Marine x2  
  52  4:20  SCV  
  52  4:21  SCV  
  54  4:29  Marine  
  58  4:32  SCV  
  58  4:33  SCV  
  58  4:37  Command Center  
  58  4:38  Siege Tank  
  63  4:44  SCV  
  64  4:45  SCV  
  64  4:50  Marine x2  
  67  4:56  SCV  
  68  5:05  SCV  
  68  5:06  Engineering Bay  
  69  5:07  Engineering Bay, Refinery, Barracks  
  69  5:08  Refinery, Barracks  
  69  5:09  Marine  
  69  5:10  Supply Depot  
  69  5:12  SCV  
  69  5:17  Starport Reactor  
  69  5:19  Starport Tech Lab, SCV  
  70  5:30  Supply Depot  
  70  5:31  Supply Depot  
  70  5:32  SCV  
  70  5:33  Terran Infantry Weapons Level 1  
  70  5:34  Barracks  
  70  5:35  Barracks  
  71  5:36  Terran Infantry Armor Level 1  
  71  5:38  SCV  
  70  5:43  Marine x2  
  70  5:46  SCV  
  70  5:49  Orbital Command  
  73  5:54  Starport Reactor  
  73  5:57  Barracks Reactor  
  73  5:58  Siege Tank  
  73  6:01  SCV x2  
  78  6:06  Stimpack, Marine  
  78  6:07  Marine x2  
  78  6:08  Supply Depot  
  81  6:24  Marine  
  81  6:25  Marine  
  85  6:26  Orbital Command  
  85  6:27  Barracks Reactor  
  85  6:31  Barracks Reactor  
  85  6:32  SCV  
  84  6:34  Marine x3  
  84  6:35  Siege Tank, Armory  
  90  6:41  SCV  
  90  6:42  Medivac, Marine  
  90  6:44  SCV  
  95  6:53  SCV x2  
  97  6:59  SCV  
  97  7:01  Marine x5  
  98  7:05  SCV x2  
  98  7:06  Marine x2  
  107  7:15  SCV  
  108  7:16  Marine x2  
  108  7:17  Supply Depot, Siege Tank, SCV  
  108  7:18  Medivac  
  108  7:19  Supply Depot x3, Marine  
  117  7:31  Supply Depot  
  117  7:33  Terran Infantry Weapons Level 2  
  117  7:39  Marine x8  
  117  7:40  SCV x3, Medivac, Marine  
  117  7:43  Terran Infantry Armor Level 2  
  131  7:56  SCV, Marine x2  
  131  7:57  Refinery, SCV, Barracks  
  131  7:58  Barracks  
  135  7:59  Barracks  
  135  8:00  Supply Depot  
  135  8:01  Supply Depot, Marine x6  
  135  8:02  Marine  
  142  8:13  SCV x3  
  142  8:14  Marine x2  
  142  8:16  Combat Shields  
  142  8:19  Marine x3  
  150  8:20  Marine x4  
  150  8:21  Siege Tank  
  155  8:29  Medivac  
  155  8:32  Marine x2  
  155  8:33  Medivac  
  161  8:36  SCV x2, Marine  
  161  8:37  Marine x2  
  166  8:41  Missile Turret  
  166  8:43  Missile Turret  
  166  8:45  Missile Turret  
  166  8:47  Missile Turret, Marine x3  
  169  8:48  Barracks Tech Lab x3  
  169  8:49  Marine  
  169  8:50  Marine  
  169  8:52  Terran Vehicle Weapons Level 1  
  171  9:07  Marauder  
  173  9:11  Command Center  
  173  9:14  Supply Depot  
  173  9:20  Supply Depot  
  173  9:23  Marauder x2, Marine x4  
  181  9:35  Marine x4  
  181  9:36  Marauder x2  
  189  9:42  Marine  
  189  9:43  Marine x2  
  189  9:44  Siege Tank  
  189  9:45  Marauder  
  197  9:58  Factory  
  197  10:04  Marauder  
  197  10:16  Marine  
  197  10:17  Marine x2  
  197  10:23  Marauder, Marine, Terran Infantry Weapons Level 3  
  197  10:25  Terran Infantry Armor Level 3  
  200  10:30  Marine x4  
  200  10:34  Marine  
  199  10:43  Marauder  
  199  10:44  Medivac  
  199  10:46  Marauder  
  199  10:53  Marauder  
  200  11:13  Siege Tank  
  200  11:14  Marine x2  
  200  11:15  Marauder  
  200  11:17  Marine x2  
  200  11:18  Marauder  
  175  11:19  Marine x2  
  175  11:20  Marauder  
  175  11:22  Marine x2  
  175  11:23  Marauder  
  159  11:29  Medivac x2  
  159  11:32  Marine x2  
  165  11:35  Marine  
  165  11:36  Marauder  
  165  11:39  Marauder  
  168  11:41  Marauder  
  168  11:44  Marauder  
  168  11:45  Marine x3  
  168  11:47  Siege Tank  
  171  11:51  Marine  
  151  11:57  Marauder  
  151  11:59  Medivac x2, Marine  
  151  12:01  Marauder  
  137  12:02  Marauder  
  137  12:06  Marauder  
  137  12:07  Marine  
  135  12:09  Marine x5  
  135  12:11  Factory Tech Lab  
  131  12:19  Marauder, Marine x2  
  131  12:22  Marauder  
  126  12:24  Marauder  
  126  12:25  Marine  
  126  12:26  Siege Tank  
  126  12:27  Marauder, Marine x5  
  126  12:29  Medivac x2  
  141  12:33  Planetary Fortress  
  141  12:34  Siege Tank  
  144  12:37  Marine x2  
  144  12:40  Marauder  
  144  12:42  Marine  
  144  12:43  Marauder  
  151  12:44  Marine  
  151  12:45  Marauder, Marine x2  
  151  12:46  Marine  
  151  12:48  Marauder  
  159  12:57  Marine x2  
  159  12:58  Siege Tank, Marine  
  164  13:00  Marine  
  164  13:02  Marauder  
  164  13:05  Marauder  
  169  13:07  Marauder, Marine x3  
  169  13:08  Marine  
  169  13:10  Marauder  
  177  13:14  Siege Tank, Medivac  
  177  13:15  Marine  
  183  13:23  Marauder  
  183  13:24  Marine x3  
  183  13:25  Marine  
  183  13:26  Marauder  
  187  13:35  Marauder, Marine x2  
  187  13:40  Marauder, Marine x2  
  187  13:41  Siege Tank  
  192  13:42  Marine x3  
  192  13:43  Medivac, Marine  
  192  13:44  Marauder, Medivac  
  192  13:47  Siege Tank  
  195  13:52  Command Center  
  195  13:54  Marauder, Marine  
  198  13:57  Marauder  
  200  14:07  Marine x2  
  200  14:08  Marine x2  
  194  14:18  Marauder x2, Marine x2  
  198  14:26  Marauder, Marine  
  200  14:38  Marauder, Marine  
Show
View Real Time Build Order
Export as new Build Order

SolO Zerg 

Build Orders: Hatch First 

Get SALT Encoding   

  12  0:02  Drone  
  13  0:12  Overlord  
  13  0:18  Drone  
  14  0:31  Drone x2  
  14  0:35  Drone  
  17  0:53  Hatchery  
  16  0:57  Drone  
  16  0:59  Drone  
  18  1:08  Drone  
  18  1:11  Extractor  
  18  1:18  Spawning Pool  
  17  1:22  Drone  
  18  1:29  Drone  
  19  1:44  Overlord  
  19  2:04  Queen  
  19  2:05  Queen  
  19  2:06  Zergling x4  
  25  2:09  Drone  
  25  2:12  Metabolic Boost  
  25  2:15  Drone x2  
  27  2:24  Spore Crawler  
  27  2:25  Drone  
  27  2:32  Drone  
  27  2:36  Drone  
  30  2:37  Overlord  
  30  2:41  Queen  
  32  2:50  Drone x2  
  34  3:00  Drone x2  
  34  3:05  Hatchery  
  35  3:12  Drone x3  
  38  3:15  Drone  
  38  3:17  Drone  
  40  3:20  Overlord  
  40  3:23  Zergling x2  
  40  3:24  Zergling x2  
  40  3:26  Zergling x2  
  43  3:28  Zergling x2  
  44  3:36  Extractor  
  44  3:37  Drone, Roach Warren  
  44  3:40  Drone x2  
  45  3:46  Drone x2  
  47  3:50  Overlord  
  47  3:58  Drone x2  
  47  3:59  Drone x3  
  52  4:06  Drone, Extractor  
  52  4:07  Overlord  
  52  4:15  Drone  
  52  4:16  Evolution Chamber, Lair  
  52  4:22  Drone x2, Evolution Chamber  
  52  4:23  Drone  
  54  4:28  Queen  
  56  4:33  Drone x2  
  56  4:34  Drone, Extractor  
  56  4:36  Drone  
  59  4:42  Roach  
  59  4:43  Roach  
  59  4:44  Roach  
  65  4:49  Roach  
  63  5:11  Spore Crawler  
  60  5:20  Zerg Missile Weapons Level 1, Zerg Ground Armor Level 1  
  58  5:23  Drone  
  59  5:30  Drone x3  
  59  5:34  Overlord x3  
  62  5:40  Queen  
  64  5:42  Glial Reconstitution  
  64  5:46  Drone x2  
  64  5:49  Overlord  
  66  5:55  Ravager  
  66  5:57  Ravager  
  68  5:58  Drone x2  
  68  5:59  Drone x3  
  68  6:04  Ravager  
  74  6:08  Drone x3  
  74  6:09  Drone x3  
  80  6:22  Roach x3  
  80  6:23  Roach x2  
  90  6:36  Overlord  
  90  6:37  Overlord x3  
  90  6:41  Spire  
  90  6:44  Extractor  
  90  6:46  Extractor  
  87  6:55  Ravager x3  
  87  6:58  Drone x9  
  99  7:02  Roach x2  
  103  7:11  Roach x4  
  103  7:12  Roach x2  
  103  7:15  Drone  
  116  7:22  Zerg Missile Weapons Level 2  
  116  7:32  Hatchery  
  116  7:35  Zerg Ground Armor Level 2  
  115  7:41  Drone  
  115  7:42  Overseer, Spore Crawler  
  115  7:43  Spore Crawler  
  114  7:52  Corruptor x2  
  114  7:55  Drone x4  
  114  7:57  Overlord x3  
  122  8:07  Overlord  
  121  8:15  Corruptor x4  
  129  8:25  Roach x5  
  129  8:26  Roach x2  
  140  8:33  Roach x4  
  148  8:39  Drone  
  148  8:41  Infestation Pit  
  148  8:42  Drone  
  148  8:43  Drone x3  
  148  8:44  Queen  
  148  8:45  Extractor x2  
  148  8:47  Corruptor  
  154  8:49  Overlord x2  
  154  8:55  Roach x2  
  158  9:07  Overlord  
  158  9:08  Overlord x2  
  158  9:09  Zerg Flyer Weapons Level 1  
  158  9:11  Ravager  
  158  9:12  Ravager x3  
  158  9:15  Drone  
  158  9:16  Drone x8  
  171  9:18  Roach x2  
  171  9:20  Overlord  
  175  9:25  Pneumatized Carapace  
  175  9:33  Ravager x3  
  175  9:36  Roach x4  
  175  9:37  Roach  
  188  9:42  Zerg Melee Weapons Level 1  
  188  9:46  Overseer  
  188  9:50  Roach x5  
  198  9:57  Ravager  
  197  10:07  Ravager x2  
  193  10:21  Hive  
  193  10:25  Ravager x5  
  195  10:38  Roach x3  
  192  10:47  Roach  
  192  10:48  Roach x8  
  188  11:17  Roach  
  188  11:18  Roach x21  
  147  11:26  Roach x4  
  147  11:27  Queen, Roach x2  
  147  11:30  Roach x3  
  159  11:33  Overseer  
  159  11:37  Roach  
  159  11:38  Ultralisk Cavern, Roach  
  160  11:44  Roach  
  160  11:45  Roach x3  
  130  11:56  Roach  
  130  11:57  Roach x6  
  126  12:05  Roach x3  
  126  12:19  Roach x5  
  128  12:31  Queen  
  128  12:33  Drone x2  
  128  12:34  Drone x2  
  128  12:35  Overseer  
  146  12:44  Ultralisk x2  
  146  12:46  Ravager  
  146  12:49  Ravager  
  148  12:55  Extractor  
  147  13:00  Ravager  
  147  13:04  Hatchery  
  147  13:06  Drone x6  
  147  13:07  Overlord x2  
  153  13:16  Ultralisk  
  159  13:24  Ultralisk Cavern  
  148  13:44  Ultralisk Cavern  
  148  13:48  Drone x2  
  133  13:49  Drone x7  
  133  13:52  Greater Spire  
  133  13:54  Drone x2  
  138  14:19  Extractor  
  138  14:22  Hatchery  
  138  14:23  Extractor  
  129  14:29  Roach  
  129  14:30  Roach x8  
  133  14:36  Roach  
  133  14:37  Roach x2  
  123  14:44  Roach x3  
  101  14:47  Zergling x2  
  107  14:54  Ravager x2  
  107  14:55  Ravager  
Tags
 
Add a new tag
Caveats
  • Supply blocks, unpowered buildings, or Contaminate may cause inaccurate times.
  • Supply counts are checked every 10 seconds.